 Dungeon Crawl Stone Soup version 0.24-a0-388-gb57f36d6e0 (webtiles) character file.

Game seed: 9630287246955673300

350 Peloso the Shield-Bearer (level 6, -1/53 HPs)
             Began as a Minotaur Fighter on June 4, 2019.
             Slain by a white imp (5 damage)
             ... summoned by Natasha
             ... on level 3 of the Dungeon.
             The game lasted 00:03:35 (2235 turns).

Peloso the Shield-Bearer (Minotaur Fighter)         Turns: 2235, Time: 00:03:36

Health: -1/53      AC:  9    Str: 21    XL:     6   Next: 34%
Magic:  5/5        EV:  6    Int:  5    God:
Gold:   108        SH: 10    Dex: 11    Spells: 5/5 levels left

rFire    . . .     SeeInvis .   a - +0 long sword
rCold    . . .     Gourm    .   c - +0 shield
rNeg     . . .     Faith    .   j - +0 chain mail
rPois    .         Spirit   .   (helmet restricted)
rElec    .         Reflect  .   (no cloak)
rCorr    .         Harm     .   (no gloves)
MR       .....                  (no boots)
Stlth    ..........             (no amulet)
HPRegen  0.17/turn              (no ring)
MPRegen  0.09/turn              (no ring)

@: slowed, very slow
A: retaliatory headbutt, horns 2
a: no special abilities


You were on level 3 of the Dungeon.
You were hungry.

You visited 1 branch of the dungeon, and saw 3 of its levels.

You collected 108 gold pieces.

Inventory:

Hand Weapons
 a - a +0 long sword (weapon)
 u - a +0 rapier of protection
Armour
 b - a +0 scale mail
 c - a +0 shield (worn)
 j - a +0 chain mail (worn)
Jewellery
 o - an uncursed ring of protection from cold {unknown}
Wands
 p - a wand of polymorph (6)
Scrolls
 e - a scroll of enchant armour {unknown}
 g - 2 scrolls of remove curse {unknown}
 l - a scroll of identify {unknown}
 n - a scroll of immolation {unknown}
 q - a scroll of amnesia {unknown}
 r - a scroll of teleportation {unknown}
Potions
 d - 4 potions of might
 h - a potion of ambrosia {unknown}
 i - a potion of brilliance {unknown}
 k - 2 potions of magic {unknown}
 m - 2 potions of curing {unknown}
 s - a potion of experience {unknown}
 t - a potion of flight {unknown}
 v - a potion of heal wounds {unknown}
Comestibles
 f - 8 rations


   Skills:
 + Level 4.6 Fighting
 + Level 5.2 Long Blades
 + Level 4.9 Armour
 + Level 1.2 Dodging
 + Level 0.2 Stealth
 + Level 5.4 Shields


You had 5 spell levels left.
You didn't know any spells.
Your spell library was empty.

Dungeon Overview and Level Annotations

Branches:
Dungeon (3/15)

Altars:
Ru

Annotations:
D:3 Natasha


Innate Abilities, Weirdness & Mutations

You reflexively headbutt those who attack you in melee.
You have a pair of horns on your head.


Message History

Natasha claws you but does no damage.
The white imp hits you but does no damage.
You block the iron imp's attack. Natasha claws you.
* * * LOW HITPOINT WARNING * * *
You hit Natasha. Your headbutt misses Natasha.
Natasha is severely wounded.
The white imp hits you but does no damage.
The iron imp hits you but does no damage.
Natasha claws you but does no damage.
The white imp shouts, "Take thy face hence, thou unhinged dizzy-eyed mammet!"
The white imp gestures at you. The puff of frost hits you!
* * * LOW HITPOINT WARNING * * *
You block the iron imp's attack. Natasha claws you but does no damage.
You hit Natasha.
Natasha is almost dead.
The white imp hits you.
* * * LOW HITPOINT WARNING * * *
The white imp freezes you.
You die...

.### #.###.##........##.#
.# #.....######.......#
## #####.# #####.####
##'## #.......<# ##...##
#.###.##.# ##
##.....###.# #.##.# .##
##.......##.###....#
..####.........#h##...#.#
.....'.........5@.......#
######.........#5##...#.#
..#.....).((..##........#
#.#.####.....##########.#
#.#.# ##...## #.# #.#.#
##+## .. #.#.# . ....# .#
#.###


You could see an iron imp, Natasha and a white imp.

Vanquished Creatures
  Sigmund (D:3)
  An orc priest (D:3)
  A hound (D:3)
  Natasha (D:3)
  5 adders (D:3)
  2 oozes
  A dart slug (D:1)
  A leopard gecko (D:3)
  3 orcs (D:3)
  5 giant cockroaches
  6 goblins
  6 hobgoblins
  2 jackals (D:1)
  2 quokkas (D:3)
  A ball python (D:3)
  5 bats
  3 frilled lizards
  10 kobolds
  4 rats (D:1)
60 creatures vanquished.

Notes
Turn   | Place    | Note
-------+----------+-------------------------------------------
     0 | D:1      | Peloso the Minotaur Fighter began the quest for the Orb.
     0 | D:1      | Reached XP level 1. HP: 19/19 MP: 0/0
    54 | D:1      | Reached XP level 2. HP: 27/27 MP: 1/1
   246 | D:1      | Reached XP level 3. HP: 33/33 MP: 2/2
  1168 | D:3      | Found a sacrificial altar of Ru.
  1267 | D:3      | Reached XP level 4. HP: 33/40 MP: 3/3
  1651 | D:3      | Found a faded altar of an unknown god.
  1698 | D:3      | Reached skill level 1 in Dodging
  1709 | D:3      | Reached XP level 5. HP: 46/46 MP: 4/4
  1862 | D:3      | Noticed Natasha
  1872 | D:3      | Killed Natasha
  2019 | D:3      | Noticed Sigmund
  2057 | D:3      | Killed Sigmund
  2057 | D:3      | Reached skill level 5 in Long Blades
  2057 | D:3      | Reached skill level 5 in Shields
  2057 | D:3      | Reached XP level 6. HP: 36/53 MP: 5/5
  2222 | D:3      | Noticed Natasha
  2235 | D:3      | Slain by a white imp

Levels and vault maps discovered:
D:1:      dpeg_arrival_arbitrary_b, layout_basic
D:2:      layout_loops_cross, chequers_mini_garden
D:3:      layout_loops_corners, chequers_ecumenical_altar_simple_redux,
          nicolae_ru_sacrificial_ziggurat, uniq_sigmund, uniq_natasha

Skill      XL: |  1  2  3  4  5 |
---------------+----------------+-----
Fighting       | 4 |  4.6
Shields        | 4 5 |  5.4
Armour         | 4 |  4.9
Long Blades    | 3 4 5 |  5.2
Dodging        | 1 |  1.2
Stealth        | |  0.2

Action                   |  1- 3 |  4- 6 || total
-------------------------+-------+-------++-------
Melee: Long sword        |   106 |    67 ||   173
       Headbutt          |    20 |     7 ||    27
  Eat: Chunk             |     1 |     3 ||     4
Armor: Scale mail        |    26 |       ||    26
       Chain mail        |    25 |    32 ||    57
       Skin              |       |     6 ||     6
Dodge: Dodged            |    40 |    21 ||    61
Block: Shield            |    69 |    40 ||   109
       Rpst.: Long sword |    15 |     4 ||    19

Table legend:
 A = Non-vault XP
 B = Vault XP
 C = Vault XP percentage of total XP
 D = Non-vault monster count
 E = Vault monster count
 F = Vault count percentage of total count
                 A         B        C        D         E       F
            +---------+---------+-------+---------+---------+-------
      Total |     246 |     255 |  50.9 |      58 |       2 |   3.3
            +---------+---------+-------+---------+---------+-------
        D:1 |      50 |       0 |   0.0 |      27 |       0 |   0.0
        D:2 |      22 |       0 |   0.0 |      10 |       0 |   0.0
        D:3 |     174 |     255 |  59.4 |      21 |       2 |   8.7
            +---------+---------+-------+---------+---------+-------
